 Dungeon Crawl Stone Soup version 0.29.1-1-gd02db6906a (webtiles) character file.

Game seed: 9920903308549545728

67 H0rd4k the Charlatan (level 4, 0/33 HPs)
             Began as a Human Artificer on Sept 23, 2022.
             Slain by an orc
             ... wielding a +0 hand axe
              (6 damage)
             ... on level 3 of the Dungeon.
             The game lasted 00:01:56 (2554 turns).

H0rd4k the Charlatan (Human Artificer)              Turns: 2554, Time: 00:01:57

Health: 0/33       AC:  3    Str: 13    XL:     4   Next: 38%
Magic:  4/4        EV: 16    Int: 13    God:
Gold:   100        SH:  0    Dex: 13    Spells: 3/3 levels left

rFire   . . .      SeeInvis .   a - +0 club
rCold   . . .      Faith    .   (no shield)
rNeg    . . .      Spirit   .   b - +0 leather armour
rPois   .          Reflect  .   (no helmet)
rElec   .          Harm     .   (no cloak)
rCorr   .          Rampage  .   (no gloves)
Will    .....                   (no boots)
Stlth   +.........              (no amulet)
HPRegen 0.11/turn               l - +4 ring of evasion
MPRegen 0.09/turn               (no ring)

@: no status effects
A: no striking features
a: no special abilities


You were on level 3 of the Dungeon.
You visited 1 branch of the dungeon, and saw 3 of its levels.

You collected 100 gold pieces.

Inventory:

Hand Weapons
 a - a +0 club (weapon)
Armour
 b - a +0 leather armour (worn)
Jewellery
 l - a +4 ring of evasion (left hand)
Wands
 c - a wand of flame (32) (quivered)
 d - a wand of charming (12)
 e - a wand of iceblast (5)
Scrolls
 f - a scroll of torment {unknown}
 g - 3 scrolls of identify {unknown}
 i - a scroll of fear {unknown}
 k - a scroll of butterflies {unknown}
Potions
 h - a potion of lignification {unknown}
 j - a potion of curing


   Skills:
 + Level 2.0 Fighting
 + Level 2.2 Maces & Flails
 - Level 2.0 Armour
 + Level 2.2 Dodging
 - Level 1.0 Stealth
 - Level 3.0 Evocations


You had 3 spell levels left.
You didn't know any spells.
Your spell library was empty.

Dungeon Overview and Level Annotations

Branches:
Dungeon (3/15)

Altars:

Shops:
D:3 :


Message History

You hit the orc but do no damage.
The orc is moderately wounded.
The orc closely misses you.
You hit the orc but do no damage.
The orc is moderately wounded.
The orc barely misses you.
You hit the orc but do no damage.
The orc is moderately wounded.
The orc misses you.
You hit the orc but do no damage.
The orc is moderately wounded.
The orc hits you with a +0 hand axe.
You hit the orc but do no damage.
The orc is moderately wounded.
The orc hits you with a +0 hand axe. The orc closely misses you.
You hit the orc but do no damage.
The orc is moderately wounded.
The orc closely misses you.
You hit the orc but do no damage.
The orc is moderately wounded.
The orc hits you with a +0 hand axe.
* * * LOW HITPOINT WARNING * * *
You barely miss the orc.
The orc is moderately wounded.
The orc completely misses you.
You hit the orc but do no damage.
The orc is moderately wounded.
The orc completely misses you.
You closely miss the orc.
The orc is moderately wounded.
The orc completely misses you. The orc hits you with a +0 hand axe.
* * * LOW HITPOINT WARNING * * *
You barely miss the orc.
The orc is moderately wounded.
The orc hits you with a +0 hand axe.
* * * LOW HITPOINT WARNING * * *
You hit the orc but do no damage.
The orc is moderately wounded.
The orc hits you with a +0 hand axe.
You die...

#......#####..######
#.............#....## .
#......#####..#.##.#.
..##......#...#.......#.
............#.#..####.#.
#..........#.#....<..#.
##..........#.......#.#.
............#.#.........
......o@....#.........#.
......#.#'#.#..⌠...⌠....
..... #.#.#$#....∩......
#### #.#.#.#[.⌠...⌠.###
#.#<..#...........
.....##.#.#.######
.....'..#.#.#
.....####.#.# ..#.#


You could see an orc.

Vanquished Creatures
  An adder (D:2)
  2 worms (D:2)
  A dart slug (D:1)
  A ball python (D:2)
  3 endoplasms
  4 giant cockroaches
  3 goblins (D:1)
  6 hobgoblins
  4 jackals
  2 kobolds
  5 bats
  4 frilled lizards
  4 rats
40 creatures vanquished.

Vanquished Creatures (collateral kills)
  A bat (D:2)
  A kobold (D:2)
2 creatures vanquished.

Vanquished Creatures (others)
  An adder (D:2)
1 creature vanquished.

Grand Total: 43 creatures vanquished

Notes
Turn   | Place    | Note
-------+----------+-------------------------------------------
     0 | D:1      | H0rd4k the Human Artificer began the quest for the Orb.
     0 | D:1      | Reached XP level 1. HP: 15/15 MP: 1/1
   150 | D:1      | Reached XP level 2. HP: 18/21 MP: 2/2
   277 | D:1      | Reached skill level 1 in Maces & Flails
   798 | D:1      | Reached XP level 3. HP: 21/26 MP: 3/3
  1697 | D:2      | Reached XP level 4. HP: 3/33 MP: 4/4
  1746 | D:1      | HP: 1/33 [jackal (3)]
  2354 | D:3      | Found Iplu's Vocational Training.
  2408 | D:3      | Found a faded altar of an unknown god.
  2554 | D:3      | Slain by an orc

Illustrated notes

Levels and vault maps discovered:
D:1:      dpeg_arrival_arbitrary_a, layout_basic
D:2:      layout_rooms
D:3:      layout_basic, nicolae_ru_great_annihilating_truth,
          mainiacjoe_overflow_cross_hatched, ebering_ecumenical_altar_hall,
          serial_shops, nicolae_shop_hallway_plus, nicolae_shop_vocational

Skill      XL: |  1  2  3  4 |
---------------+-------------+-----
Maces & Flails | 1 2 |  2.2
Dodging        | 2 |  2.2
Fighting       | 2 |  2.0
Armour         | |  2.0
Stealth        | |  1.0
Evocations     | |  3.0

Action                   |  1- 3 |  4- 6 || total
-------------------------+-------+-------++-------
Melee: Club              |   152 |    84 ||   236
       Punch             |     1 |       ||     1
Evoke: Wand              |     7 |     4 ||    11
  Use: Potion            |       |     1 ||     1
 Stab: Sleeping          |     1 |       ||     1
Armor: Leather armour    |    54 |    21 ||    75
Dodge: Dodged            |   129 |    88 ||   217
